 Dungeon Crawl Stone Soup version 0.15.2 (webtiles) character file.

54 4tharraofdagon the Chiller (level 3, -4/28 HPs)
             Began as a Draconian Ice Elementalist on Jan 21, 2015.
             Was an Initiate of Qazlal.
             Killed from afar by an orc wizard (7 damage)
             ... with a magic dart
             ... on Level 4 of the Dungeon.
             The game lasted 00:04:39 (946 turns).

4tharraofdagon the Chiller (DrIE)                    Turns: 946, Time: 00:04:39

HP  -4/28        AC  5     Str 10      XL: 3   Next: 66%
MP   5/6         EV 12     Int 16      God: Qazlal [......]
Gold 127         SH  0     Dex 11      Spells:  1 memorised,  5 levels left

rFire  + . .     SeeInvis .     a - +0 whip
rCold  . . .     Clarity  .     (armour unavailable)
rNeg   . . .     rCorr    .     (no shield)
rPois  .         rRot     .     (helmet restricted)
rElec  .         Spirit   .     (no cloak)
SustAb .         Warding  .     (no gloves)
rMut   .         Stasis   .     (no boots)
Gourm  .                        (no amulet)
MR     .....                    (no ring)
                                j - ring of protection from fire

@: not resistant to hostile enchantments, unstealthy
A: unfitting armour, cold-blooded, AC +5
a: Renounce Religion


You were on level 4 of the Dungeon.
You worshipped Qazlal.
Qazlal was noncommittal.
You were not hungry.

You visited 1 branch of the dungeon, and saw 5 of its levels.

You collected 127 gold pieces.

Inventory:

Hand weapons
 a - a +0 whip (weapon)
 e - a +0 mace
Comestibles
 c - 3 bread rations
 f - 2 fruits
 h - a beef jerky
Scrolls
 g - a scroll of identify
Jewellery
 j - a ring of protection from fire (left hand)
Potions
 i - a potion of poison
Books
 b - a book of Frost

   Spells                             Type                      Level
   *Freeze                            Ice                          1
   Throw Frost                        Conjuration/Ice              2
   Ozocubu's Armour                   Charms/Ice                   3
   Throw Icicle                       Conjuration/Ice              4
   Summon Ice Beast                   Ice/Summoning                4
   Condensation Shield                Ice                          4


   Skills:
 + Level 1.4 Fighting
 * Level 2.2 Maces & Flails
 + Level 2.4 Dodging
 - Level 1.7 Stealth
 - Level 2.0 Spellcasting
   Level 1.0 Conjurations
 - Level 3.0 Ice Magic


You had 5 spell levels left.
You knew the following spells:

 Your Spells              Type           Power        Failure   Level  Hunger
a - Freeze                Ice            ##..         8%          1    #......


Dungeon Overview and Level Annotations

Branches:
Dungeon (5/15)
 Temple: D:4-7

Altars:
Qazlal

Annotations:
D:4 Blork the orc


Innate Abilities, Weirdness & Mutations

Your plain brown scales are hard (AC +5).
Your body does not fit into most forms of armour.
Your cold-blooded metabolism reacts poorly to cold.


Message History

An orc wizard comes into view. It is wielding a dagger.
The orc wizard shouts!
The orc priest shouts!
The orc wizard gestures wildly while chanting.
The orc wizard seems to speed up.
The orc priest invokes the aid of Beogh against you.
Something smites you!
Found a brightly glowing whip.
The orc shouts!
Unknown command.
The orc wizard gestures at you while chanting.
You resist with significant effort.
The orc wizard gestures at you while chanting.
The magic dart hits you!
* * * LOW HITPOINT WARNING * * *
The orc wizard casts a spell at you. The magic dart hits you!
* * * LOW HITPOINT WARNING * * *
The orc wizard points at you and mumbles some strange words.
The magic dart hits you!
You die...

#......)...#
######o..o...# #....o#
#.# #.....###o# #. .
#.......o.# #.# #.#
#.....o#### ####..##.#
#...(..# .......#.#
#......# .......#.#
###@####
.......#.#######.####
...[...#.#..........# ###
#...#.#####)##.#
##.####..#.# #.##.#
......#..#.# #....#####
........>..#####.........
##.#####.#.......##....##
#.....#.#.#####....#..#


You could see an orc priest, an orc wizard and 3 orcs.

Vanquished Creatures
  A hound (D:4)
  A giant gecko (D:3)
  An orc (D:4)
  2 bats
  A giant cockroach (D:2)
  2 goblins (D:2)
  3 hobgoblins
  5 kobolds
  A quokka (D:4)
  A ball python skeleton (D:4)
  3 rats
21 creatures vanquished.

Notes
Turn   | Place    | Note
--------------------------------------------------------------
     0 | D:1      | 4tharraofdagon, the Draconian Ice Elementalist, began the quest for the Orb.
     0 | D:1      | Reached XP level 1. HP: 14/14 MP: 3/3
   172 | D:1      | Reached skill level 1 in Maces & Flails
   218 | D:2      | Found a stormy altar of Qazlal.
   227 | D:2      | Became a worshipper of Qazlal Stormbringer
   252 | D:2      | Reached XP level 2. HP: 22/22 MP: 4/4
   700 | D:4      | Reached skill level 1 in Fighting
   709 | D:4      | Noticed Blork the orc
   774 | D:4      | Reached XP level 3. HP: 14/28 MP: 0/6
   808 | D:5      | Entered Level 5 of the Dungeon
   946 | D:4      | Killed from afar by an orc wizard

Action                   || total
-------------------------++-------
Melee: Whip              ||    36
 Cast: Freeze            ||    26
  Use: Scroll            ||     5
       Potion            ||     1
  Eat: Chunk             ||     1
